 Dungeon Crawl Stone Soup version 0.24-a0-355-gbe4061de67 (webtiles) character file.

Game seed: 4829822707224028549

948 Borgoz the Ruffian (level 8, -1/67 HPs)
             Began as a Ghoul Monk on May 24, 2019.
             Was a Believer of Ashenzari.
             Slain by an ogre
             ... wielding a +0 giant spiked club
              (13 damage)
             ... on level 4 of the Dungeon.
             The game lasted 00:10:48 (5802 turns).

Borgoz the Ruffian (Ghoul Monk)                     Turns: 5802, Time: 00:10:49

Health: -1/67      AC:  3    Str: 17    XL:     8   Next: 13%
Magic:  7/7        EV: 14    Int:  5    God:    Ashenzari [**....]
Gold:   170        SH:  0    Dex: 11    Spells: 7/7 levels left

rFire    . . .     SeeInvis .     - Unarmed
rCold    + + .     Gourm    .   (no shield)
rNeg     + + +     Faith    .   o - +0 animal skin
rPois    ∞         Spirit   .   n - +0 helmet
rElec    .         Reflect  .   (no cloak)
rCorr    .         Harm     .   (no gloves)
MR       .....                  (no boots)
Stlth    +.........             (no amulet)
HPRegen  0.00/turn              a - ring of attention (curse)
MPRegen  0.10/turn              i - ring of protection from cold

@: rotting
A: rotting body, claws 1, carnivore, cold resistance 1, negative energy
resistance 3, inhibited regeneration, torment resistance, unbreathing
a: Curse Item, Scrying, Renounce Religion


You were on level 4 of the Dungeon.
You worshipped Ashenzari.
Ashenzari was pleased with you.
You were not hungry.

You visited 2 branches of the dungeon, and saw 5 of its levels.

You collected 170 gold pieces.

Inventory:

Armour
 k - a +0 scale mail
 n - a +0 helmet (worn)
 o - a +0 animal skin (worn)
 q - a +0 ring mail
Jewellery
 a - a cursed ring of attention (left claw)
 i - a ring of protection from cold (right claw)
 j - an uncursed ring of fire
 l - an uncursed ring of poison resistance
 p - an uncursed amulet of harm
Scrolls
 e - 4 scrolls of teleportation
 f - a scroll of enchant weapon
 g - 3 scrolls of amnesia
 h - 2 scrolls of identify
 s - a scroll of remove curse
Potions
 c - 5 potions of curing
 d - a potion of lignification
 r - a potion of berserk rage {unknown}
 t - a potion of magic {unknown}
Comestibles
 b - 12 rations


   Skills:
 + Level 4.9 Fighting
 * Level 4.3 Armour
 * Level 5.0 Dodging
 - Level 2.2 Stealth
 * Level 6.2 Unarmed Combat


You had 7 spell levels left.
You didn't know any spells.
Your spell library was empty.

Dungeon Overview and Level Annotations

Branches:
Dungeon (4/15)             Temple (1/1) D:4

Altars:
Ashenzari
Cheibriados
Dithmenos
Elyvilon
Gozag
Hepliaklqana
Makhleb
Nemelex Xobeh
Okawaru
Ru
Sif Muna
Trog
Uskayaw
Wu Jian
Yredelemnul
Zin
The Shining One


Innate Abilities, Weirdness & Mutations

Your body is rotting away.
You thrive on raw meat.
You are immune to poison.
You have sharp fingernails.
You are carnivorous and can eat meat at any time.
Your flesh is cold resistant. (rC+)
You are immune to negative energy. (rN+++)
You do not regenerate when monsters are visible.
You are immune to unholy pain and torment.
You can survive without breathing.


Message History

The hound closely misses you. The adder bites you but does no damage.
You claw the hound!
You kill the hound!
The adder bites you but does no damage.
The ogre hits you with a +0 giant spiked club!
You closely miss the ogre. The adder bites you.
The ogre hits you with a +0 giant spiked club!!
* * * LOW HITPOINT WARNING * * *
You are too injured to fight recklessly!
You are too injured to fight recklessly!
You barely miss the ogre. The adder bites you but does no damage.
You barely miss the ogre. You claw the ogre!
The ogre is moderately wounded.
The adder closely misses you. The ogre barely misses you.
The adder closely misses you.
You closely miss the ogre.
The ogre is moderately wounded.
The adder barely misses you.
The ogre hits you with a +0 giant spiked club!
You die...

##'####'###...##...####..
#.............)..........
#........................
#........................
#......###...###.....##..
####'##################..
#.......#.....# #..
#.......#S....# #..
#......O@.....# #..
#...##.####..## ### #...
#+# # #... #... #..


You could see an ogre and an adder.

Vanquished Creatures
  Sigmund (D:2)
  Edmund (D:4)
  An ogre (D:3)
  2 hounds (D:4)
  2 orc wizards
  5 orc priests
  Robin (D:2)
  11 gnolls
  3 adders
  2 oozes
  3 worms
  3 dart slugs
  5 leopard geckos
  11 orcs
  9 giant cockroaches
  17 goblins
  11 hobgoblins
  20 jackals
  4 kobolds (D:3)
  3 quokkas
  9 bats
  8 frilled lizards
  10 rats
142 creatures vanquished.

Notes
Turn   | Place    | Note
-------+----------+-------------------------------------------
     0 | D:1      | Borgoz the Ghoul Monk began the quest for the Orb.
     0 | D:1      | Reached XP level 1. HP: 19/19 MP: 0/0
   186 | D:1      | Reached XP level 2. HP: 17/25 MP: 1/1
   527 | D:1      | Reached skill level 1 in Armour
   574 | D:1      | Reached XP level 3. HP: 30/31 MP: 2/2
  1049 | D:1      | Reached XP level 4. HP: 27/38 MP: 3/3
  1052 | D:1      | Reached skill level 4 in Unarmed Combat
  1741 | D:2      | Found a snail-covered altar of Cheibriados.
  1762 | D:2      | Noticed Robin
  1789 | D:1      | Reached XP level 5. HP: 23/46 MP: 4/4
  2069 | D:2      | Killed Robin
  2541 | D:2      | Noticed Sigmund
  2558 | D:2      | Killed Sigmund
  2558 | D:2      | Reached skill level 5 in Unarmed Combat
  2558 | D:2      | Reached XP level 6. HP: 16/52 MP: 5/5
  2767 | D:2      | Found a sacrificial altar of Ru.
  3248 | D:3      | Found a basalt altar of Yredelemnul.
  3825 | D:3      | Reached XP level 7. HP: 35/60 MP: 6/6
  5273 | D:4      | Noticed Edmund
  5286 | D:4      | Killed Edmund
  5286 | D:4      | Reached skill level 6 in Unarmed Combat
  5286 | D:4      | Reached XP level 8. HP: 22/67 MP: 7/7
  5310 | D:4      | Reached skill level 5 in Dodging
  5498 | D:4      | Found a staircase to the Ecumenical Temple.
  5512 | Temple   | Entered the Ecumenical Temple
  5560 | Temple   | Became a worshipper of Ashenzari the Shackled
  5560 | Temple   | Reached * piety under Ashenzari
  5560 | Temple   | Reached ** piety under Ashenzari
  5802 | D:4      | Slain by an ogre

Levels and vault maps discovered:
D:1:      dpeg_arrival_prison, layout_basic, dk_noncrumbling_4
D:2:      layout_basic, lemuel_doored_altar, first_ration,
          minmay_misc_feat_room, kennysheep_slug_shrine, uniq_sigmund,
          uniq_robin
D:3:      layout_loops_ring, yredelemnul_altar_generic
D:4:      layout_gridville, minmay_temple_entry_hall, uniq_edmund
Temple:   regret_index_temple_waves

Skill      XL: |  1  2  3  4  5  6  7  8 |
---------------+-------------------------+-----
Dodging        | 3 4 5 |  5.0
Armour         | 1 2 3 4 |  4.3
Unarmed Combat | 4 5 6 |  6.2
Fighting       | 4 |  4.9
Stealth        | |  2.2

Action                   |  1- 3 |  4- 6 |  7- 9 || total
-------------------------+-------+-------+-------++-------
Melee: Unarmed           |   108 |   188 |   163 ||   459
       Punch             |     1 |     7 |     7 ||    15
  Use: Potion            |       |     1 |     1 ||     2
       Scroll            |       |     5 |     3 ||     8
 Stab: Sleeping          |     4 |       |       ||     4
  Eat: Chunk             |     6 |     7 |     9 ||    22
Armor: Robe              |    19 |     9 |       ||    28
       Animal skin       |       |    24 |    28 ||    52
Dodge: Dodged            |    68 |   162 |   112 ||   342

Table legend:
 A = Non-vault XP
 B = Vault XP
 C = Vault XP percentage of total XP
 D = Non-vault monster count
 E = Vault monster count
 F = Vault count percentage of total count
                 A         B        C        D         E       F
            +---------+---------+-------+---------+---------+-------
      Total |     902 |     453 |  33.4 |     123 |      19 |  13.4
            +---------+---------+-------+---------+---------+-------
        D:1 |      97 |      24 |  19.8 |      32 |      12 |  27.3
        D:2 |     118 |     265 |  69.2 |      23 |       6 |  20.7
        D:3 |     475 |       0 |   0.0 |      51 |       0 |   0.0
        D:4 |     212 |     164 |  43.6 |      17 |       1 |   5.6
            +---------+---------+-------+---------+---------+-------
